Selects Italian Combined Arms Battlegroup
Selects Bersaglieri Squad
Kradschützen Motorcycle Team
Construct Light Support Kompanie
Selects Bersaglieri Bolster
Construct Mechanized Kompanie
Selects Breda Model 30 Light Machine Guns
Panzerjäger Mechanized Group
Marder III Tank Destroyer
Selects Semovente da 75/18 Assault Gun
Construct Panzerarmee Kommand
Selects Carro Armato M13/40 Light Tank
Carro Armato M13/40 Light Tank
Marder III Tank Destroyer
Carro Armato M13/40 Light Tank